[Event "*** Titled Tuesday Blitz"]
[Site "Chess.com"]
[Date "2018.08.07"]
[Round "3"]
[White "timator"]
[Black "francogreek"]
[Result "1-0"]
[WhiteElo "2388"]
[BlackElo "2423"]
[TimeControl "180+2"]
[EndTime "13:38:53 PDT"]
[Termination "timator won by resignation"]

1. Nf3 Nf6 2. g3 g6 3. Bg2 Bg7 4. O-O O-O 5. d4 d6 6. c4 Nc6 7. Nc3 e5 8. dxe5 dxe5 9. Bg5 Qxd1 10. Rfxd1 Be6 11. Nd5 Bxd5 12. cxd5 Nd4 13. Nxd4 exd4 14. Bxf6 Bxf6 15. Rac1 Rac8 16. Bh3 Rcd8 17. Rxc7 Rxd5 18. Rxb7 Ra5 19. a3 Re8 20. Bg4 h5 21. Bf3 Rc8 22.
Kg2 Rc2 23. Rd3 a6 24. b4 Rb5 25. Ra7 Rb6 26. Bd5 Rxe2 27. Rxf7 Kh8 28. Rf3 Bg7 29.
Rd7 Rf6 30. Rxf6 Bxf6 31. Bc4 Rc2 32. Bxa6 Ra2 33. Bd3 Rxa3 34. Bxg6 h4 35. gxh4 Rb3 36. h5 Rxb4 37. Kf3 Rb8 38. Kg4 Rd8 39. Rf7 Bg7 40. h6 Bxh6 41. Rh7+ Kg8 42. Rxh6 Kg7 43. Kg5 Rd5+ 44.
Bf5 d3 45. Rg6+ Kf7 46. Rf6+ Kg7 47. Rg6+ Kf7 48. Kh6 Rxf5 49. Rg3 d2 50. Rd3 Rxf2 51. h4 Kf6 52. h5 Rh2 53. Rd8 Re2 54. Rd3 Rg2 55.
Rd6+ Ke7 56. Rd3 Ke6 57. Kh7 Ke5 58. h6 Ke4 59. Rd8 Rg5 60. Rxd2 Ke5 61. Rf2 Ke6 62. Rf1 Ke7 63. Rf2 Ke8 64. Rf6 Ke7 65. Rg6 Rf5 66.
Kh8 Rf8+ 67. Rg8 Rf6 68. h7 Kf7 69. Ra8 Rb6 70. Ra7+ Kg6 71. Rg7+ Kf6 72. Rg8 Kf7 73. Rc8 Ra6 74. Rd8 Rb6 75. Ra8 Rc6 76. Rd8 Ra6 77.
Rd7+ Kg6 78. Rg7+ Kf6 79. Rg2 Ra8+ 80. Rg8 Ra7 81. Rf8+ Kg6 82. Rg8+ Kf6 83. Rb8 Kf7 84. Rg8 Ra6 85. Rg7+ Kf6 86. Rg3 Ra8+ 87. Rg8 Ra6 88. Rc8 Kf7 89. Rc7+ Kf6 90. Rc8 Kf7 91. Rb8 Rc6 92.
Ra8 Rb6 93. Ra7+ Kg6 94. Rg7+ Kf6 95. Rg3 Rb8+ 96. Rg8 Rb6 97. Rf8+ Kg6 98. Kg8 Rb8 99. Rxb8 1-0

[Event "*** Titled Tuesday Blitz"]
[Site "Chess.com"]
[Date "2018.08.07"]
[Round "3"]
[White "NikolaGry"]
[Black "TijanaBlagojevic"]
[Result "1-0"]
[WhiteElo "2524"]
[BlackElo "2356"]
[TimeControl "180+2"]
[EndTime "13:39:10 PDT"]
[Termination "NikolaGry won by resignation"]

1. e4 e5 2. Nf3 Nc6 3. c3 Nf6 4. d3 d5 5. Nbd2 a5 6. Be2 Bc5 7. O-O O-O 8. b3 d4 9. Bb2 Re8 10. Rc1 dxc3 11. Rxc3 Bd4 12. Nxd4 Nxd4 13. Nf3 Nxe2+ 14.
Qxe2 Bg4 15. Rfc1 c6 16. h3 Bxf3 17. Qxf3 a4 18. b4 Qd7 19. a3 Rad8 20. Kf1 Re6 21. Ke2 Ne8 22. Rd1 Nd6 23. Rc5 f6 24. d4 exd4 25. Rxd4 Rde8 26. e5 Rxe5+ 27. Rxe5 Rxe5+ 28. Kf1 Qe7 29. g4 Re1+ 30. Kg2 h6 31. Qd3 Nf7 32. Rd7 Qe4+ 33. Qxe4 Rxe4 34. Rxb7 Re2 35. Bd4 Ra2 36. Rb6 Ne5 37. Bxe5 fxe5 38. Rxc6 Rxa3 39. Ra6 e4 40. b5 Ra2 41. Kg3 Rb2 42. Rxa4 Rb3+ 43. Kg2 Rxb5 44. Rxe4 Kf7 45. h4 g5 46. h5 Rb7 47. Re5 Kg7 48. Re6 Rf7 49. Rg6+ Kh7 50. Rd6 Ra7 51. Kg3 Kg7 52.
f3 Rf7 53. Rd4 Ra7 54. Kf2 Re7 55. Re4 Rb7 56. Re5 Rc7 57. Ke3 Ra7 58. Rd5 Ra3+ 59.
Ke4 Ra7 60. Rd6 Re7+ 61. Kd4 Rf7 62. Ke3 Re7+ 63. Kf2 Ra7 64. Rd2 Rb7 65. Ke3 Re7+ 66. Kd4 Rd7+ 67. Ke3 Re7+ 68. Kf2 Ra7 69. Rd6 Rb7 70.
Ke3 Re7+ 71. Kd4 Rf7 72. Ke4 Re7+ 73. Kf5 Rf7+ 74. Ke4 Re7+ 75. Kd3 Ra7 76. Rd5 Rf7 77. Ke4 Rf4+ 78. Ke3 Rf7 79. Rf5 Ra7 80. Kd4 Re7 81.
Kd5 Re1 82. Re5 Rd1+ 83. Ke4 Re1+ 84. Kf5 Ra1 85. Re7+ Kf8 86. Re6 Kg7 87. Re7+ Kf8 88.
Rd7 Ra3 89. Kg6 Ra6+ 90. Kh7 Rf6 91. Rg7 Rxf3 92. Kxh6 Rf6+ 93. Rg6 Kf7 94. Kxg5 Rf1 95. Kh6 Rh1 96. g5 Rf1 97. Rg7+ Kf8 98. g6 Rg1 99. Rf7+ Kg8 100. Rd7 Kf8 101. Kh7 Rh1 102. h6 Ke8 103. Ra7 Re1 104. g7 Re7 105. Rxe7+ Kxe7 106. g8=Q 1-0

[Event "*** Titled Tuesday Blitz"]
[Site "Chess.com"]
[Date "2018.08.07"]
[Round "3"]
[White "Vuk2000"]
[Black "Hrant_ChessMood"]
[Result "1/2-1/2"]
[WhiteElo "2684"]
[BlackElo "2995"]
[TimeControl "180+2"]
[EndTime "13:39:51 PDT"]
[Termination "Game drawn - insufficient material"]

1. e4 c5 2. Nc3 Nc6 3. g3 g6 4.
Bg2 Bg7 5. d3 d6 6. Be3 h5 7. h3 Nf6 8. Qd2 Nd7 9. a3 Nf8 10.
Nd1 Ne6 11. c3 Bd7 12. Ne2 Qb6 13. b4 Qc7 14. Rb1 O-O 15. O-O cxb4 16. axb4 a5 17.
bxa5 Nxa5 18. Bh6 Rfc8 19. Bxg7 Nxg7 20. f4 Nc6 21. Ne3 e6 22. f5 Ne5 23. d4 Nc4 24.
Nxc4 Qxc4 25. fxg6 fxg6 26. Rxb7 Ra2 27. Rb2 Rca8 28.
Nf4 Rxb2 29. Qxb2 Ra2 30. Qb8+ Kh7 31. Qf8 Qxc3 32. Rf3 Qxd4+ 33. Kh2 Ra1 34. Ne2 Qe5 35. Qf7 Be8 36. Qf6 Ra2 37. Nd4 Qxf6 38. Rxf6 e5 39. Nf3 Bb5 40. Ng5+ Kg8 41. Rxd6 Ne8 42. Rxg6+ Kf8 43.
Kg1 Ra1+ 44. Kf2 Ra2+ 45. Kg1 Ra1+ 46. Kf2 Ra2+ 47. Kg1 Bc4 48. Nf3 Ra1+ 49. Kh2 Ra2 50. Kg1 Ra1+ 51. Kh2 Ra2 52. Nh4 Ke7 53. Rg5 Kd6 54.
Nf5+ Kc5 55. Ne3 Nd6 56. Rxe5+ Kd4 57. Nxc4 Nxc4 58. Rd5+ Kc3 59. Rc5 Kd4 60. Rd5+ Kc3 61. Rd1 Ne3 62. Rg1 Kd4 63. Kh1 Rf2 64. h4 Ke5 65. Bh3 Kxe4 66. Bg2+ Kd4 67. Bh3 Kd3 68. g4 Rf3 69. Kh2 hxg4 70. Bxg4 Rf4 71. Kh3 Ke4 72. Be2 Rf2 73. Bh5 Nd5 74. Bg6+ Ke5 75. h5 Kf6 76. Kg3 Ra2 77. Rf1+ Kg7 78. Rf7+ Kh6 79.
Kg4 Ra4+ 80. Kg3 Ra3+ 81. Rf3 Ra5 82. Rf5 Ra3+ 83. Rf3 Ra4 84. Rd3 Nf4 85. Rb3 Ne2+ 86. Kh3 Nd4 87. Rd3 Kg5 88. Re3 Ra1 89. Rg3+ Kh6 90. Re3 Rg1 91. Kh2 Rg5 92. Kh3 Rg1 93.
Kh2 Rf1 94. Kg2 Rf8 95. Re4 Nf3 96. Re3 Ng5 97. Kg3 Rf6 98. Rb3 Ne6 99. Rb6 Kg5 100. Rb5+ Kh6 101. Rb6 Kg5 102. Bb1 Kxh5 103. Ba2 Rg6+ 104. Kf2 Ng5 105. Rxg6 Kxg6 106. Bb1+ Ne4+ 107. Bxe4+ 1/2-1/2

[Event "*** Titled Tuesday Blitz"]
[Site "Chess.com"]
[Date "2018.08.07"]
[Round "4"]
[White "narutosmith"]
[Black "fidetrainerNET"]
[Result "1-0"]
[WhiteElo "2105"]
[BlackElo "1916"]
[TimeControl "180+2"]
[EndTime "13:42:12 PDT"]
[Termination "narutosmith won by resignation"]

1. e4 c5 2. Nc3 Nc6 3. Nf3 g6 4. d4 cxd4 5. Nxd4 Bg7 6. Be3 d6 7. Qd2 Nf6 8. f3 O-O 9. O-O-O d5 10. Kb1 dxe4 11. Nxc6 Qxd2 12. Nxe7+ Kh8 13. Rxd2 exf3 14.
Nxc8 fxg2 15. Bxg2 Raxc8 16. Bxb7 Rb8 17. Bf3 Rfe8 18. Bd4 h5 19. Rf1 Ng4 20. Bxg4 1-0

[Event "*** Titled Tuesday Blitz"]
[Site "Chess.com"]
[Date "2018.08.07"]
[Round "4"]
[White "Titus369"]
[Black "DACF2905"]
[Result "1-0"]
[WhiteElo "2234"]
[BlackElo "2106"]
[TimeControl "180+2"]
[EndTime "13:43:49 PDT"]
[Termination "Titus369 won by resignation"]

1. e4 c5 2. Nf3 e6 3. d4 cxd4 4. Nxd4 a6 5. Nc3 Bc5 6. Be3 Qc7 7. g3 Nf6 8. Bg2 b6 9. e5 Nd5 10. Nxd5 exd5 11. Bxd5 Bb7 12. Qf3 Bxd5 13. Qxd5 Nc6 14.
Nf5 O-O 15. Bf4 Nb4 16. Qb3 Qb7 17. O-O Nd5 18. Qf3 Ra7 19. Bh6 g6 20. Bxf8 Bxf8 21. Nd6 Qc6 22. Qxf7+ 1-0

[Event "*** Titled Tuesday Blitz"]
[Site "Chess.com"]
[Date "2018.08.07"]
[Round "4"]
[White "silverback96"]
[Black "indfraeng"]
[Result "0-1"]
[WhiteElo "2002"]
[BlackElo "1905"]
[TimeControl "180+2"]
[EndTime "13:44:32 PDT"]
[Termination "indfraeng won by resignation"]

1. d4 Nf6 2. Bg5 e6 3. e4 h6 4. Bxf6 Qxf6 5. Nf3 d5 6. e5 Qd8 7. Bd3 c5 8. c3 Nc6 9. O-O Qb6 10. c4 cxd4 11.
cxd5 exd5 12. Re1 Bb4 13. Nbd2 Bg4 14. h3 Bxf3 15. gxf3 O-O 16. f4 Ne7 17. Qh5 Bxd2 18. Re2 Bxf4 19. Kh1 g6 20. Qg4 g5 21. Rg1 Ng6 22.
h4 Nxe5 23. Qxf4 Nxd3 24. Qf5 Qg6 25. Qxd5 Nf4 26. Qb5 Nxe2 0-1

[Event "*** Titled Tuesday Blitz"]
[Site "Chess.com"]
[Date "2018.08.07"]
[Round "4"]
[White "Aleksey_Sorokin"]
[Black "LucaBrasi1968"]
[Result "1-0"]
[WhiteElo "2728"]
[BlackElo "2471"]
[TimeControl "180+2"]
[EndTime "13:44:35 PDT"]
[Termination "Aleksey_Sorokin won by resignation"]

1. d4 f5 2. Nf3 Nf6 3. g3 e6 4.
Bg2 d5 5. O-O Bd6 6. c4 c6 7.
Nc3 O-O 8. Qc2 Ne4 9. Rb1 Nd7 10. b4 Ndf6 11. b5 Bd7 12. bxc6 Bxc6 13. c5 Bc7 14. Bf4 Bxf4 15. gxf4 Nxc3 16. Qxc3 Ne4 17. Qb2 Kh8 18.
Ne5 g5 19. f3 gxf4 20. fxe4 fxe4 21. Kh1 Qh4 22. Bxe4 dxe4 23. d5 Rf6 24. dxc6 bxc6 25. Ng4 1-0

[Event "*** Titled Tuesday Blitz"]
[Site "Chess.com"]
[Date "2018.08.07"]
[Round "4"]
[White "inegrepus"]
[Black "Egorov_Pavel"]
[Result "0-1"]
[WhiteElo "2177"]
[BlackElo "2300"]
[TimeControl "180+2"]
[EndTime "13:44:43 PDT"]
[Termination "Egorov_Pavel won by resignation"]

1. d4 Nf6 2. c4 g6 3. Nc3 d5 4.
Nf3 Bg7 5. Qb3 dxc4 6. Qxc4 O-O 7. e4 Nc6 8. Be3 e5 9. d5 Na5 10. Qd3 b6 11. Be2 c6 12. Nxe5 cxd5 13. exd5 Nxd5 14.
Nxf7 Bxc3+ 15. bxc3 Rxf7 16. Rd1 Rd7 17. Bf3 Nxe3 18.
Qxe3 Rxd1+ 19. Bxd1 Ba6 20. Qe6+ Kg7 21. Qe5+ Qf6 22. Qc7+ Qf7 23. Qe5+ Kg8 0-1

[Event "*** Titled Tuesday Blitz"]
[Site "Chess.com"]
[Date "2018.08.07"]
[Round "4"]
[White "GMG"]
[Black "NateSolon"]
[Result "0-1"]
[WhiteElo "2733"]
[BlackElo "2508"]
[TimeControl "180+2"]
[EndTime "13:44:53 PDT"]
[Termination "NateSolon won by resignation"]

1. d4 Nf6 2. Bf4 d5 3. e3 e6 4.
Nd2 Bd6 5. Bg3 O-O 6. Ngf3 c5 7. c3 Qc7 8. Bd3 Nbd7 9. c4 cxd4 10. Nxd4 Nc5 11.
Be2 Bxg3 12. hxg3 Rd8 13. cxd5 exd5 14. Rc1 Qe7 15. O-O Be6 16. N2b3 Nce4 17. g4 h6 18. f3 Ng3 19. Re1 Nd7 20. Bd3 Ne5 21. Ne2 Qh4 22.
Nxg3 Qxg3 23. Qe2 Rac8 24. Rxc8 Rxc8 25. Bb1 Nxf3+ 0-1

[Event "*** Titled Tuesday Blitz"]
[Site "Chess.com"]
[Date "2018.08.07"]
[Round "4"]
[White "TijanaBlagojevic"]
[Black "pultineviciuspaulius"]
[Result "0-1"]
[WhiteElo "2346"]
[BlackElo "2563"]
[TimeControl "180+2"]
[EndTime "13:45:04 PDT"]
[Termination "pultineviciuspaulius won by resignation"]

1. e4 c6 2. d4 d5 3. e5 Bf5 4.
h4 h6 5. h5 e6 6. Ne2 c5 7. c3 Nc6 8. Ng3 Nge7 9. Nxf5 Nxf5 10.
g4 Nfe7 11. Nd2 cxd4 12. cxd4 Nxd4 13. Qa4+ Nec6 14. Nb3 Nc2+ 15. Kd1 Nxa1 16. Nxa1 Qb6 17. Bb5 Rc8 18. Be3 Bc5 19. Nc2 O-O 20. g5 Bxe3 21.
Nxe3 Qd4+ 22. Qxd4 Nxd4 23. Bd3 hxg5 24. h6 g6 25. Ng4 Nf5 26. Nf6+ Kh8 27. h7 d4 28. Kd2 Rc5 29. Nd7 Rfc8 30. Nxc5 Rxc5 31. Re1 Kxh7 32. Rh1+ Kg7 33. Re1 Ne7 34. Re4 Nc6 35. b4 Rxe5 36. b5 Rxe4 37. Bxe4 Na5 38. Kd3 e5 39. a4 f5 40. Bd5 Kf6 41. f3 Ke7 42. Ba2 Kf6 43. Bd5 g4 44. fxg4 fxg4 45. Ke4 g3 46. Kf3 d3 47. Kxg3 d2 48. Bf3 e4 49. Be2 Ke5 50. Kf2 Kd4 51. Bg4 e3+ 52. Ke2 Nc4 53. Kd1 Nb2+ 54. Kc2 d1=Q+ 55. Bxd1 Nxd1 56.
Kxd1 a5 57. Ke2 b6 58. Kf3 Kd3 0-1

[Event "*** Titled Tuesday Blitz"]
[Site "Chess.com"]
[Date "2018.08.07"]
[Round "4"]
[White "FearNoEvil12"]
[Black "epccmelech"]
[Result "1-0"]
[WhiteElo "1942"]
[BlackElo "1827"]
[TimeControl "180+2"]
[EndTime "13:45:04 PDT"]
[Termination "FearNoEvil12 won on time"]

1. e4 e6 2. d4 d5 3. Nc3 Bb4 4. Qd3 dxe4 5. Qxe4 Nf6 6. Qh4 c5 7.
a3 Bxc3+ 8. bxc3 Nc6 9. Nf3 Nd5 10. Bg5 f6 11. Bd2 Qc7 12. Bd3 Bd7 13. Bg6+ Ke7 14. Bd3 Rae8 15. O-O Kd8 16. Rab1 Kc8 17. Rfe1 Na5 18. c4 Ne7 19. Bf4 1-0

[Event "*** Titled Tuesday Blitz"]
[Site "Chess.com"]
[Date "2018.08.07"]
[Round "4"]
[White "CookiesAndIceCream"]
[Black "VeraNebolsina"]
[Result "1-0"]
[WhiteElo "2261"]
[BlackElo "2397"]
[TimeControl "180+2"]
[EndTime "13:45:09 PDT"]
[Termination "CookiesAndIceCream won by resignation"]

1. e4 c5 2. Nf3 d6 3. d4 cxd4 4. Nxd4 Nf6 5. Nc3 a6 6. Be3 e5 7. Nb3 Be7 8. f3 Be6 9. Qd2 Nbd7 10. O-O-O O-O 11. g4 b5 12. Rg1 b4 13. Nd5 Bxd5 14.
exd5 a5 15. g5 Nh5 16. Kb1 a4 17. Nc1 b3 18. cxb3 axb3 19. Nxb3 Nb6 20. Rg4 Nf4 21. Bxf4 exf4 22. h4 Qd7 23. Rxf4 Ra4 24. Rxa4 Qxa4 25.
Qd4 Qa7 26. Bb5 Ra8 27. a3 Qb7 28. Bc6 Qc8 29. Bxa8 Nxa8 30. Rc1 Qf5+ 31. Qe4 1-0

[Event "*** Titled Tuesday Blitz"]
[Site "Chess.com"]
[Date "2018.08.07"]
[Round "4"]
[White "TBergh98"]
[Black "Quiet_Desperation"]
[Result "1-0"]
[WhiteElo "2045"]
[BlackElo "1895"]
[TimeControl "180+2"]
[EndTime "13:45:20 PDT"]
[Termination "TBergh98 won by resignation"]

1. Nf3 Nf6 2. c4 e6 3. g3 b6 4. Bg2 Bb7 5. O-O Be7 6. b3 O-O 7. Bb2 d5 8. d3 Nbd7 9. Nc3 c5 10. Qc2 d4 11. Nb1 e5 12. Nbd2 Re8 13. Ng5 Bxg2 14.
Kxg2 Ng4 15. Ngf3 f5 16. h3 Ngf6 17. a3 Bd6 18. e4 fxe4 19. dxe4 Nh5 20. Rae1 Re6 21. Nh4 Nf4+ 22. Kh2 Rh6 23. Ndf3 g5 24. gxf4 gxh4 25. Rg1+ Kh8 26. f5 Be7 27. Rg4 Bf6 28.
Reg1 Qe7 29. Bc1 Rh5 30. Qd3 a6 31. Qf1 b5 32. Qg2 Qf7 33. Bg5 bxc4 34. Bxf6+ Nxf6 35. Rg7 Qf8 36. Nxe5 Qd6 37. f4 1-0

[Event "*** Titled Tuesday Blitz"]
[Site "Chess.com"]
[Date "2018.08.07"]
[Round "4"]
[White "Drags95"]
[Black "GM_dmitrij"]
[Result "0-1"]
[WhiteElo "2611"]
[BlackElo "2704"]
[TimeControl "180+2"]
[EndTime "13:45:22 PDT"]
[Termination "GM_dmitrij won by resignation"]

1. e4 e5 2. Nf3 Nc6 3. Bb5 a6 4. Ba4 g6 5. d4 exd4 6. Nxd4 Bg7 7.
Nxc6 bxc6 8. Bb3 Nf6 9. Nc3 O-O 10. O-O Re8 11. Re1 d5 12. exd5 Rxe1+ 13. Qxe1 cxd5 14. Bf4 Be6 15. Rd1 c5 16. Bg5 h6 17. Bxf6 Qxf6 18.
Bxd5 Bxd5 19. Rxd5 Rb8 20. Na4 Qc6 21. Qe4 Re8 0-1

[Event "*** Titled Tuesday Blitz"]
[Site "Chess.com"]
[Date "2018.08.07"]
[Round "4"]
[White "senecacrane"]
[Black "Mimsychess"]
[Result "1-0"]
[WhiteElo "2125"]
[BlackElo "2267"]
[TimeControl "180+2"]
[EndTime "13:45:42 PDT"]
[Termination "senecacrane won by resignation"]

1. d4 Nf6 2. c4 e6 3. Nf3 b6 4. g3 Ba6 5. b3 Bb4+ 6. Bd2 Be7 7. Bg2 c6 8. O-O O-O 9. Nc3 d5 10. Ne5 dxc4 11. Bxc6 Qxd4 12. Bxa8 Qxe5 13. Bf3 Nd5 14. Nxd5 exd5 15. Bf4 Qb2 16. Qxd5 cxb3 17. axb3 Bxe2 18. Bxe2 Qxe2 19. Rfe1 Qb2 20. Rxa7 Bc5 21. Rf1 Qe2 22. Bxb8 1-0

[Event "*** Titled Tuesday Blitz"]
[Site "Chess.com"]
[Date "2018.08.07"]
[Round "4"]
[White "Er_is_geen_hoop_meer"]
[Black "b_6"]
[Result "1-0"]
[WhiteElo "2454"]
[BlackElo "2378"]
[TimeControl "180+2"]
[EndTime "13:45:47 PDT"]
[Termination "Er_is_geen_hoop_meer won by checkmate"]

1. b4 d5 2. Bb2 Nf6 3. e3 Bf5 4. Be2 e6 5. a3 Nbd7 6. g4 Bg6 7. h4 h5 8. g5 Ng8 9. Nh3 e5 10. c4 c6 11. Qb3 Ne7 12. Nc3 d4 13. Na4 Nf5 14. c5 Be7 15. f4 Nxh4 16. O-O-O O-O 17. fxe5 Nxe5 18. Bxd4 Nhf3 19. Bb2 Be4 20. d3 Bd5 21. Qc3 f6 22. Nf4 fxg5 23. Bxf3 Bxf3 24. Qxe5 Bf6 25. Qe6+ Kh7 26. Nxh5 Bxh1 27. Rxh1 Kg6 28. Bxf6 gxf6 29. Nf4+ Kg7 30. Nh5+ Kg6 31. Qe4+ f5 32. Qe6+ Kh7 33. Nf6+ Kg7 34. Nh5+ Kh7 35. Nf4+ Kg7 36. Qg6# 1-0

[Event "*** Titled Tuesday Blitz"]
[Site "Chess.com"]
[Date "2018.08.07"]
[Round "4"]
[White "AndrewDGreen"]
[Black "dereito"]
[Result "0-1"]
[WhiteElo "2167"]
[BlackElo "2215"]
[TimeControl "180+2"]
[EndTime "13:45:55 PDT"]
[Termination "dereito won by resignation"]

1. d4 f5 2. Bg5 c6 3. Nd2 Qb6 4. e3 Qxb2 5. Bd3 d6 6. Ne2 g6 7. c4 Qb6 8. Rb1 Qc7 9. h4 Bg7 10. Bf4 Nd7 11. h5 e5 12. dxe5 dxe5 13. Bg3 Nc5 14.
Bc2 Nf6 15. Nf3 Nxh5 16. Rxh5 gxh5 17. Ned4 O-O 18. Ng5 Qa5+ 19. Kf1 exd4 20. Qxh5 h6 21. Be5 hxg5 22. Qg6 Ne6 23. Bxf5 Qxe5 0-1

[Event "*** Titled Tuesday Blitz"]
[Site "Chess.com"]
[Date "2018.08.07"]
[Round "4"]
[White "luca_va99"]
[Black "Caisachess"]
[Result "1-0"]
[WhiteElo "2458"]
[BlackElo "2241"]
[TimeControl "180+2"]
[EndTime "13:46:14 PDT"]
[Termination "luca_va99 won by resignation"]

1. d4 Nf6 2. Nc3 d5 3. Bf4 c6 4.
e3 Bf5 5. Bd3 Bxd3 6. Qxd3 e6 7.
f3 Bd6 8. Bg3 Bxg3+ 9. hxg3 h6 10. O-O-O Nbd7 11. g4 Rg8 12. Nh3 Qc7 13. e4 O-O-O 14.
e5 Ne8 15. g5 h5 16. g6 f5 17.
Ng5 Qa5 18. Nxe6 Nc7 19. Nxd8 Rxd8 20. Qxf5 Kb8 21. Rxh5 Nb6 22. Rdh1 Nc4 23. Rh8 Ne8 24. Qf7 Qb4 25. Nd1 Qd2+ 26. Kb1 1-0

[Event "*** Titled Tuesday Blitz"]
[Site "Chess.com"]
[Date "2018.08.07"]
[Round "4"]
[White "Marcan2b"]
[Black "albi1999"]
[Result "1-0"]
[WhiteElo "2306"]
[BlackElo "2379"]
[TimeControl "180+2"]
[EndTime "13:46:15 PDT"]
[Termination "Marcan2b won by resignation"]

1. e4 e5 2. Nf3 Nc6 3. Bc4 Bc5 4. O-O Nf6 5. d3 d6 6. a4 a6 7. c3 Ba7 8. Nbd2 h6 9. Re1 g5 10. d4 g4 11. dxe5 dxe5 12. Nh4 Nxe4 13. Nxe4 Qxh4 14. Qb3 O-O 15. g3 Qe7 16. Bxh6 Re8 17. Bg5 Qf8 18. Nf6+ Kg7 19. Nxe8+ Qxe8 20. Be3 Na5 21. Qb4 Nc6 22. Qb3 Na5 23. Qa2 Nxc4 24. Qxc4 Be6 25. Qe4 Bxe3 26. Qxe5+ f6 1-0

[Event "*** Titled Tuesday Blitz"]
[Site "Chess.com"]
[Date "2018.08.07"]
[Round "4"]
[White "Maili15"]
[Black "Martins-BR"]
[Result "1/2-1/2"]
[WhiteElo "2248"]
[BlackElo "2324"]
[TimeControl "180+2"]
[EndTime "13:46:16 PDT"]
[Termination "Game drawn by agreement"]

1. d4 f5 2. c4 Nf6 3. Nf3 g6 4. Nc3 d6 5. g3 Bg7 6. Bg2 O-O 7.
O-O c6 8. d5 e5 9. dxe6 Bxe6 10. b3 Na6 11. Bb2 Qe7 12. a3 d5 13.
cxd5 Nxd5 14. Nxd5 Bxd5 15. Bxg7 Qxg7 16. Qc2 Rfe8 17.
Rfd1 Re7 18. Rac1 Rae8 19. e3 Nc7 20. Nd4 Bxg2 21. Kxg2 Nd5 22. Kg1 Qe5 23. Nf3 Qe4 24. Qxe4 Rxe4 25. Rd4 a6 26. Rcc4 Rxd4 27. Nxd4 Kf7 28.
Kf1 Re4 29. Ke2 Kf6 30. Kd3 Re7 31. b4 h5 32. h4 Rd7 33. Ke2 Re7 34. Nf3 Rd7 35. Nd4 1/2-1/2

[Event "*** Titled Tuesday Blitz"]
[Site "Chess.com"]
[Date "2018.08.07"]
[Round "4"]
[White "ChessicallyInclined"]
[Black "FearlessKing64"]
[Result "1-0"]
[WhiteElo "2357"]
[BlackElo "2245"]
[TimeControl "180+2"]
[EndTime "13:46:16 PDT"]
[Termination "ChessicallyInclined won by resignation"]

1. e4 c5 2. Nf3 d6 3. d4 cxd4 4. Nxd4 Nf6 5. Nc3 a6 6. h3 e6 7.
g4 d5 8. exd5 Nxd5 9. Nde2 Bb4 10.
Bg2 Bxc3+ 11. Nxc3 Nxc3 12. Qxd8+ Kxd8 13. bxc3 Nc6 14.
Be3 Kc7 15. O-O b5 16. a4 Bb7 17. Rfb1 f6 18. axb5 axb5 19. Rxa8 Rxa8 20. Rxb5 Ra1+ 21. Kh2 Ra2 22. Be4 h6 23. Bf4+ e5 24. Be3 Ra4 25. f3 Rc4 26. Kg3 Ba6 27. Rc5 Rxc5 28. Bxc5 Nd8 29.
Bd5 Bb7 30. c4 Kd7 31. Bf8 Bxd5 32. cxd5 g5 33. Bxh6 Kd6 34. c4 Kc5 35. Bg7 Kxc4 36. Bxf6 Nf7 37. d6 Kc5 38. d7 Kc6 39. d8=Q 1-0

[Event "*** Titled Tuesday Blitz"]
[Site "Chess.com"]
[Date "2018.08.07"]
[Round "4"]
[White "cool4chess"]
[Black "Marreuh"]
[Result "1-0"]
[WhiteElo "2111"]
[BlackElo "1990"]
[TimeControl "180+2"]
[EndTime "13:46:29 PDT"]
[Termination "cool4chess won by resignation"]

1. e4 c5 2. Nf3 d6 3. d4 cxd4 4. Nxd4 Nf6 5. Nc3 a6 6. Qe2 e5 7. Nf5 Bxf5 8. exf5 Nc6 9. g4 Nd4 10. Qd1 h5 11. g5 Nh7 12. g6 fxg6 13. fxg6 Nf6 14. Bg2 Ng4 15. h3 Nh6 16. Bd5 Qf6 17. Ne4 Qxg6 18. c3 Nc6 19. Qa4 Rc8 20. Be3 Be7 21.
O-O-O Rf8 22. Rhg1 Qh7 23. Be6 Rc7 24. Bb6 Qxe4 25.
Qxe4 1-0

[Event "*** Titled Tuesday Blitz"]
[Site "Chess.com"]
[Date "2018.08.07"]
[Round "4"]
[White "hansen"]
[Black "Korchmar_Vasiliy"]
[Result "1-0"]
[WhiteElo "2657"]
[BlackElo "2611"]
[TimeControl "180+2"]
[EndTime "13:46:37 PDT"]
[Termination "hansen won by resignation"]

1. e4 c5 2. Nf3 d6 3. d4 cxd4 4. Nxd4 Nf6 5. Nc3 Nc6 6. Bg5 e6 7. Qd2 a6 8. O-O-O h6 9. Bf4 Bd7 10. Nxc6 Bxc6 11. Bxd6 Bxd6 12. Qxd6 Qxd6 13. Rxd6 Nxe4 14.
Nxe4 Bxe4 15. Rb6 O-O-O 16. f3 Bc6 17. Bd3 Kc7 18. Rb4 Rd6 19. Re1 Rhd8 20. Rg4 g6 21.
Rh4 h5 22. Rf4 R8d7 23. h4 Rd4 24. Rxd4 Rxd4 25. Rh1 Kd6 26. Kd2 Ke5 27. Ke3 Bb5 28. Be4 f5 29. f4+ 1-0

[Event "*** Titled Tuesday Blitz"]
[Site "Chess.com"]
[Date "2018.08.07"]
[Round "4"]
[White "Indianlad"]
[Black "Arystanner23"]
[Result "0-1"]
[WhiteElo "2735"]
[BlackElo "2584"]
[TimeControl "180+2"]
[EndTime "13:46:54 PDT"]
[Termination "Arystanner23 won by resignation"]

1. e4 e5 2. Nf3 Nc6 3. Bc4 Bc5 4. d3 Nf6 5. O-O d6 6. a4 a6 7. c3 Ba7 8. Re1 h6 9. d4 O-O 10. h3 exd4 11. cxd4 d5 12. exd5 Nxd5 13. Nc3 Be6 14. Ne4 Ncb4 15. Ne5 c6 16. Qh5 Bxd4 17. Nf3 Nf6 18.
Nxf6+ Bxf6 19. Bxe6 fxe6 20. Rxe6 Nc2 21. Rb1 Qd1+ 22. Kh2 Nd4 23. Re3 Nxf3+ 24. Rxf3 Rae8 25. g3 Re1 26. Rf5 Rh1+ 27. Kg2 Rg1+ 28. Kh2 Rh1+ 29. Kg2 Qf1+ 30. Kf3 Qd3+ 31. Kg2 Qxb1 32. Bxh6 Qf1+ 33.
Kf3 Qd1+ 34. Kg2 Qxh5 35. Rxh5 Rb1 0-1

[Event "*** Titled Tuesday Blitz"]
[Site "Chess.com"]
[Date "2018.08.07"]
[Round "4"]
[White "nonscitis"]
[Black "Macron20hTF1"]
[Result "1-0"]
[WhiteElo "2451"]
[BlackElo "2298"]
[TimeControl "180+2"]
[EndTime "13:46:58 PDT"]
[Termination "nonscitis won by resignation"]

1. Nf3 d5 2. c4 e6 3. d4 c6 4. Nc3 f5 5. Bf4 Nf6 6. e3 Be7 7. Be2 O-O 8. O-O Bd7 9. c5 h6 10. h3 g5 11. Bh2 Be8 12. Ne5 Nbd7 13. b4 Nxe5 14. Bxe5 Nd7 15. Bh2 b5 16. a4 a6 17.
f3 Bg6 18. Bd3 Qe8 19. e4 fxe4 20. fxe4 Rxf1+ 21. Qxf1 Bf6 22. e5 Be7 23. Bxg6 Qxg6 24. axb5 Qc2 25. Qe1 cxb5 26. Nxb5 Rf8 27. Nc7 Qf5 28.
Qb1 Qf2+ 29. Kh1 Qxd4 30. Qg6+ Kh8 31. Qxh6+ Kg8 32. Qxe6+ Rf7 33. Rf1 Nxe5 34. Bxe5 1-0

[Event "*** Titled Tuesday Blitz"]
[Site "Chess.com"]
[Date "2018.08.07"]
[Round "4"]
[White "GameOverBro"]
[Black "ShadyH9"]
[Result "1-0"]
[WhiteElo "2382"]
[BlackElo "2243"]
[TimeControl "180+2"]
[EndTime "13:47:04 PDT"]
[Termination "GameOverBro won by resignation"]

1. e4 d6 2. g3 g6 3. Bg2 Bg7 4. Ne2 c5 5. d4 cxd4 6. Nxd4 Nf6 7. Nc3 O-O 8. O-O Bd7 9. a4 Nc6 10. Nde2 Rb8 11. h3 a6 12. Re1 b5 13. axb5 axb5 14. Nd5 Ne8 15. c3 e6 16. Ne3 Qe7 17. Nd4 Nc7 18. Nd5 Qd8 19. Nxc6 Bxc6 20. Nb4 Ba8 21. Bf4 e5 22. Be3 f5 23. Rxa8 Nxa8 24. exf5 gxf5 25. Nc6 Qe8 26. Qxd6 f4 27. Bd5+ Kh8 28. Bc5 Rc8 29. Nxe5 Qd8 30. Qxd8 Rfxd8 31. Nf7+ Kg8 32. Nxd8+ 1-0

[Event "*** Titled Tuesday Blitz"]
[Site "Chess.com"]
[Date "2018.08.07"]
[Round "4"]
[White "sandager"]
[Black "aa175"]
[Result "1-0"]
[WhiteElo "2043"]
[BlackElo "1922"]
[TimeControl "180+2"]
[EndTime "13:47:04 PDT"]
[Termination "sandager won on time"]

1. e4 e5 2. Nf3 f5 3. Nxe5 Nc6 4. Nxc6 dxc6 5. Bc4 Qd4 6. Bxg8 Qxe4+ 7. Kf1 Rxg8 8.
Nc3 Qe6 9. d4 Bd6 10. Qd3 b5 11. b3 a5 12. Bg5 Qg6 13. Re1+ Kf8 14. Qe3 Ba6 15. d5 b4+ 16. Ne2 Re8 17. Qd2 f4 18. Bh4 f3 19. gxf3 Bc8 20. h3 cxd5 21. Bg3 1-0